 Dungeon Crawl Stone Soup version 0.30-a0-1042-gacf32f4bd3 (webtiles) character file.

Game seed: 4743507666083661122

2769 Ic0nGaming the Slicer (level 10, -17/56 HPs)
             Began as a Kobold Fighter on Apr 9, 2023.
             Was an Initiate of Okawaru.
             Demolished by an orc warrior
             ... wielding a +0 halberd
              (21 damage)
             ... on level 8 of the Dungeon.
             The game lasted 00:19:18 (9176 turns).

Ic0nGaming the Slicer (Kobold Fighter)              Turns: 9176, Time: 00:19:19

Health: -17/56     AC:  6    Str: 13    XL:     10   Next: 1%
Magic:  10/10      EV: 10    Int:  9    God:    Okawaru [......]
Gold:   386        SH:  6    Dex: 20    Spells: 9/9 levels left

rFire   . . .      SeeInvis .    a - +1 rapier (chaos)
rCold   . . .      Faith    .    c - +1 buckler
rNeg    . . .      Spirit   .    b - +0 scale mail
rPois   .          Reflect  .    (no helmet)
rElec   .          Rampage  .    (no cloak)
rCorr   .                        (no gloves)
Will    .....                    (no boots)
Stlth   ++++                     (no amulet)
HPRegen 0.29/turn                (no ring)
MPRegen 0.12/turn                (no ring)

@: no status effects
A: small, no large weapons, nightstalker 3
a: Renounce Religion


You were on level 8 of the Dungeon.
You worshipped Okawaru.
Okawaru was noncommittal.
You visited 2 branches of the dungeon, and saw 9 of its levels.
You also visited: Sewer.

You collected 386 gold pieces.

Inventory:

Hand Weapons
 a - a +1 rapier of chaos (weapon)
Missiles
 e - 6 boomerangs (quivered)
 u - 2 throwing nets
Armour
 b - a +0 scale mail (worn)
 c - a +1 buckler (worn)
Wands
 q - a wand of iceblast (11)
 s - a wand of mindburst (10)
 t - a wand of charming (9)
 x - a wand of digging (6)
Scrolls
 j - 4 scrolls of teleportation
 m - a scroll of blinking
Potions
 d - 2 potions of might
 f - a potion of heal wounds
 g - 4 potions of mutation
 i - 2 potions of brilliance
 k - a potion of lignification
 n - 2 potions of cancellation
 o - a potion of curing
 p - a potion of flight
 r - a potion of attraction {unknown}
 w - a potion of haste {unknown}
 z - a potion of magic {unknown}


   Skills:
 - Level 3.2 Fighting
 - Level 14.0 Short Blades
 - Level 2.4 Armour
 + Level 7.9 Stealth
 - Level 2.4 Shields
 - Level 5.4 Evocations


You had 9 spell levels left.
You didn't know any spells.
Your spell library contained the following spells:

 Spells                   Type           Power      Damage    Failure   Level
 Poisonous Vapours        Pois/Air       0%         N/A       99%         2
 Mephitic Cloud           Conj/Pois/Air  0%         N/A       100%        3
 Cause Fear               Hex            0%         N/A       100%        4
 Freezing Cloud           Conj/Ice/Air   0%         6-21      100%        5
 Dragon Form              Tmut           0%         N/A       100%        7
 Dragon's Call            Summ           Unusable   N/A       N/A         9

Dungeon Overview and Level Annotations

Branches:
Dungeon (8/15)             Temple (1/1) D:7           Sewer (visited)
   Lair: D:8-11

Altars:
Ashenzari
Dithmenos
Elyvilon
Fedhas
Gozag
Hepliaklqana
Kikubaaqudgha
Nemelex Xobeh
Okawaru
Qazlal
Ru
Sif Muna
Trog
Uskayaw
Vehumet
Wu Jian
Xom
Yredelemnul
Zin

Annotations:
D:7 1 runed translucent door, Crazy Yiuf


Innate Abilities, Weirdness & Mutations

You are small and have problems with some larger weapons.
You are completely attuned to the shadows.


Message History

Throw: 6 boomerangs
Press: ? - help, Q - select action, (/) - cycle Shift-Dir - straight line, f - orc warrior
Aim: an orc warrior, wielding a +0 halberd and wearing a +0 plate armour (63% to hit)
You throw a boomerang.
The boomerang barely misses the orc warrior.
The orc warrior hits you with a +0 halberd!
You hit the orc warrior.
The orc warrior is lightly wounded.
You hit the orc warrior but do no damage.
The orc warrior is lightly wounded.
You block the orc warrior's attack.
You hit the orc warrior but do no damage.
The orc warrior is lightly wounded.
The orc warrior closely misses you.
You hit the orc warrior but do no damage.
The orc warrior goes berserk!
The orc warrior is lightly wounded.
You hit the orc warrior but do no damage.
The orc warrior is lightly wounded.
You block the orc warrior's attack.
You hit the orc warrior.
The orc warrior is moderately wounded.
The orc warrior hits you but does no damage.
You hit the orc warrior.
The orc warrior is poisoned.
The orc warrior is moderately wounded.
The orc warrior hits you with a +0 halberd!!
You hit the orc warrior.
You feel better.
The orc warrior is moderately wounded.
You barely miss the orc warrior.
The orc warrior is moderately wounded.
The orc warrior closely misses you.
You hit the orc warrior.
Lightning courses through the orc warrior!!
The orc warrior is almost dead.
The orc warrior hits you with a +0 halberd!
* * * LOW HITPOINT WARNING * * *
You barely miss the orc warrior.
The orc warrior is almost dead.
The orc warrior hits you with a +0 halberd!!
You die...

##....... ......#.....
............
.......o....
..#......@....
...#.............
....##..#.........
#.........#†.)<.....
...........)#.).....
##.......)†.##......
......).....#.>.....
.#.#[<....###........
.....##...###.....#.#.


You could see an orc warrior (berserk, very poisoned).

Vanquished Creatures
  A hornet (D:7)
  A wyvern (D:7)
  3 water moccasins
  A black bear (D:4)
  An ice beast (D:6)
  Pargi (Sewer)
  An ogre (D:6)
  A sky beast (D:7)
  A phantom (D:6)
  4 scorpions
  2 gnoll sergeants
  7 killer bees
  A howler monkey (D:6)
  A gnoll bouda (D:7)
  4 hounds
  4 orc priests
  A sleepcap (D:5)
  2 iguanas (D:5)
  4 orc wizards
  Natasha (thrice) (D:3)
  13 gnolls
  10 adders
  A shadow imp (D:6)
  4 white imps
  2 ufetubi
  5 worms
  2 dart slugs
  14 orcs
  9 endoplasms
  4 giant cockroaches
  4 hobgoblins
  A jackal (Sewer)
  4 kobolds
  5 quokkas
  8 ball pythons
  5 bats
  3 frilled lizards
  10 goblins
  4 rats
152 creatures vanquished.

Notes
Turn   | Place    | Note
-------+----------+-------------------------------------------
     0 | D:1      | Ic0nGaming the Kobold Fighter began the quest for the Orb.
     0 | D:1      | Reached XP level 1. HP: 14/14 MP: 1/1
   202 | D:1      | Reached skill level 3 in Short Blades
   688 | D:1      | Reached XP level 2. HP: 15/19 MP: 2/2
   887 | D:1      | Reached skill level 4 in Short Blades
  1120 | D:2      | Found a faded altar of an unknown god.
  1300 | D:2      | Reached XP level 3. HP: 23/23 MP: 3/3
  1345 | D:2      | Reached skill level 5 in Short Blades
  1345 | D:2      | Reached XP level 4. HP: 28/28 MP: 4/4
  1789 | D:2      | Reached skill level 6 in Short Blades
  2237 | D:3      | Noticed Natasha
  2240 | D:3      | Killed Natasha
  2241 | D:3      | Reached XP level 5. HP: 31/32 MP: 5/5
  2599 | D:3      | Noticed Natasha
  2607 | D:3      | Killed Natasha
  2608 | D:3      | Reached skill level 7 in Short Blades
  2662 | D:3      | Found a glowing drain.
  2666 | Sewer    | Entered a sewer
  2692 | Sewer    | Noticed Pargi
  2710 | Sewer    | Killed Pargi
  2711 | Sewer    | Reached skill level 8 in Short Blades
  2711 | Sewer    | Reached XP level 6. HP: 27/37 MP: 6/6
  2935 | D:3      | Noticed Natasha
  2955 | D:3      | Killed Natasha
  3737 | D:4      | Noticed a black bear
  3943 | D:4      | Reached skill level 9 in Short Blades
  3943 | D:4      | Reached XP level 7. HP: 25/41 MP: 7/7
  4037 | D:4      | Identified the +7 war axe of Skirmishing {holy, rElec rF++}
  4206 | D:4      | Reached skill level 10 in Short Blades
  4313 | D:5      | Entered Level 5 of the Dungeon
  4493 | D:5      | Found a hazy altar of Hepliaklqana.
  4882 | D:5      | Reached skill level 1 in Evocations
  4882 | D:5      | Reached XP level 8. HP: 46/46 MP: 8/8
  4931 | D:5      | Reached skill level 11 in Short Blades
  6094 | D:6      | Reached skill level 12 in Short Blades
  6316 | D:6      | Reached XP level 9. HP: 7/51 MP: 9/9
  6674 | D:7      | Reached skill level 13 in Short Blades
  6970 | D:7      | Noticed a hornet
  6974 | D:7      | Paralysed by a hornet for 1 turns
  6976 | D:7      | Killed a hornet
  6977 | D:7      | Reached skill level 5 in Evocations
  7575 | D:7      | Reached skill level 14 in Short Blades
  7575 | D:7      | Reached skill level 1 in Stealth
  7871 | D:7      | Found a runed translucent door.
  7874 | D:7      | Noticed Crazy Yiuf
  7902 | D:7      | Found a staircase to the Ecumenical Temple.
  7908 | Temple   | Entered the Ecumenical Temple
  8222 | Temple   | Became a worshipper of Warmaster Okawaru
  8710 | D:7      | Reached skill level 5 in Stealth
  9000 | D:8      | Reached XP level 10. HP: 15/56 MP: 10/10
  9176 | D:8      | Demolished by an orc warrior

Illustrated notes

Levels and vault maps discovered:
D:1:      heliophobic_arrival_glass_houses, layout_basic, moated_statue
D:2:      minmay_inner_zag, layout_basic, hellmonk_ecumenical_altar_slurped_away
D:3:      layout_loops_ring, gup_sewer_entry_bowl,
          chequers_serial_rivers_small_3, minmay_misc_feat_five, uniq_natasha
D:4:      layout_rooms
D:5:      layout_loops_corners, kennysheep_little_box
D:6:      layout_gridville
D:7:      layout_basic, lemuel_temple_firewalk_b, minmay_misc_feat_doors,
          grunt_ministairs_15, uniq_crazy_yiuf_cottage
D:8:      layout_cave_pools, gammafunk_temple_overflow_claw, dpeg_oklobed_lair,
          serial_glass, glass_columns_a, glass_columns_a, glass_columns_a,
          glass_columns_c, glass_columns_a, glass_columns_a, glass_columns_c,
          glass_columns_a
Temple:   mainiacjoe_temple_coin_purse

Skill      XL: |  1  2  3  4  5  6  7  8  9 |
---------------+----------------------------+-----
Short Blades   | 3 4 5 6 8 9 10 12 14 | 14.0
Evocations     | 1 4 5 |  5.4
Stealth        | 7 |  7.9
Fighting       | |  3.2
Armour         | |  2.4
Shields        | |  2.4

Action                     |  1- 3 |  4- 6 |  7- 9 | 10-12 || total
---------------------------+-------+-------+-------+-------++-------
  Melee: Rapier            |    88 |   191 |   319 |    13 ||   611
  Throw: Boomerang         |       |     3 |     1 |     1 ||     5
  Evoke: Wand              |       |       |    12 |       ||    12
    Use: Scroll            |     5 |    11 |     6 |       ||    22
         Potion            |       |       |     6 |       ||     6
   Stab: Sleeping          |     2 |     3 |     1 |       ||     6
         Distracted        |       |       |     2 |       ||     2
 Armour: Scale mail        |    21 |    57 |    78 |     1 ||   157
  Dodge: Dodged            |    33 |    72 |   115 |     3 ||   223
  Block: Buckler           |    13 |    50 |    73 |     2 ||   138

Table legend: (Time is in decaauts)
 A = Elapsed time spent in this place.
 B = Non-inter-level travel time spent in this place.
 C = Inter-level travel time spent in this place.
 D = Time resting spent in this place.
 E = Time spent auto-exploring this place.
 F = Levels seen in this place.
 G = Mean time per level.
                   A        B        C        D        E       F      G
               +--------+--------+--------+--------+--------+-----+--------+
         Total |   9105 |   8831 |    274 |   1976 |   5394 |  10 |  910.5 |
       Dungeon |   8642 |   8377 |    265 |   1876 |   5179 |   8 | 1080.2 |
        Temple |    323 |    314 |      9 |    100 |    139 |   1 |  323.0 |
         Sewer |    138 |    138 |      0 |      0 |     76 |   1 |  138.0 |
               +--------+--------+--------+--------+--------+-----+--------+

Top non-repeatable levels by time:
     D:7: 2051 daAuts
     D:3: 1228 daAuts
     D:6: 1166 daAuts
     D:5: 1125 daAuts
     D:2: 1090 daAuts
     D:1: 1066 daAuts
     D:4: 804 daAuts
  Temple: 323 daAuts
   Sewer: 138 daAuts
     D:8: 108 daAuts
